 Dungeon Crawl Stone Soup version 0.28.0 (webtiles) character file.

Game seed: 16265697822424057486

456 Ayyar the Chopper (level 7, -4/60 HPs)
             Began as a Hill Orc Fighter on Apr 28, 2022.
             Slain by an ogre (27 damage)
             ... on level 4 of the Dungeon.
             The game lasted 00:09:46 (3926 turns).

Ayyar the Chopper (Hill Orc Fighter)                Turns: 3926, Time: 00:09:46

Health: -4/60      AC:  8    Str: 21    XL:     7   Next: 6%
Magic:  9/9        EV:  9    Int:  8    God:
Gold:   92         SH:  4    Dex: 10    Spells: 6/6 levels left

rFire   . . .      SeeInvis .   a - +0 war axe
rCold   . . .      Faith    .   c - +0 buckler
rNeg    . . .      Spirit   .   b - +0 scale mail
rPois   .          Reflect  .   (no helmet)
rElec   .          Harm     .   q - +0 cloak
rCorr   .          Rampage  .   (no gloves)
Will    .....                   (no boots)
Stlth   ..........              (no amulet)
HPRegen 0.20/turn               (no ring)
MPRegen 0.11/turn               (no ring)

@: no status effects
A: no striking features
a: no special abilities


You were on level 4 of the Dungeon.
You visited 1 branch of the dungeon, and saw 4 of its levels.

You collected 128 gold pieces.
You spent 36 gold pieces at shops.

Inventory:

Hand Weapons
 a - a +0 war axe (weapon)
Missiles
 f - 8 poisoned darts (quivered)
Armour
 b - a +0 scale mail (worn)
 c - a +0 buckler (worn)
 q - a +0 cloak (worn)
Jewellery
 k - a ring of magical power
 v - a ring of willpower
Wands
 d - a wand of digging (2)
Scrolls
 e - 2 scrolls of enchant weapon {unknown}
 g - a scroll of enchant armour {unknown}
 i - a scroll of vulnerability {unknown}
 l - 2 scrolls of blinking {unknown}
 m - 4 scrolls of identify {unknown}
 n - a scroll of fog {unknown}
 p - a scroll of fear {unknown}
 r - a scroll of noise {unknown}
 t - a scroll of torment {unknown}
 u - a scroll of amnesia {unknown}
 w - a scroll of immolation {unknown}
Potions
 h - a potion of flight {unknown}
 j - a potion of mutation {unknown}
 o - a potion of brilliance {unknown}
 s - a potion of degeneration {unknown}
 x - a potion of lignification {unknown}


   Skills:
 + Level 4.9 Fighting
 * Level 5.7 Axes
 + Level 4.3 Armour
 + Level 4.4 Shields
 + Level 3.1 Invocations
 + Level 2.1 Evocations


You had 6 spell levels left.
You didn't know any spells.
Your spell library contained the following spells:

 Spells                   Type           Power      Damage    Failure   Level
 Gell's Gravitas          Tloc           0%         N/A       99%         3
 Teleport Other           Tloc           0%         N/A       99%         3
 Dispersal                Tloc           0%         N/A       100%        6


Dungeon Overview and Level Annotations

Branches:
Dungeon (4/15)
 Temple: D:4-7

Altars:

Shops:
D:2 *   D:4 *


Message History

The jelly closely misses you. The jelly hits you.
You are splashed with acid!
You slash the jelly!
You kill the jelly!
You have reached level 7!
You start resting.
You are no longer corroded.
HP restored.
Found a stone staircase leading down.
Found a robe.
x - a bubbling golden potion You see here a +0 robe.
Found a leather armour.
You see here a +0 leather armour.
A hound skeleton comes into view.
A hound skeleton is nearby!
Found a stone staircase leading down.
The hound skeleton closely misses you. The hound skeleton barely misses you.
You slash the hound skeleton!
The hound skeleton is almost destroyed.
The hound skeleton barely misses you.
You slash the hound skeleton!
You destroy the hound skeleton!
Found 18 stones.
An ogre comes into view. It is wielding a +0 giant spiked club.
You hit the ogre.
The ogre is lightly wounded.
The ogre hits you with a +0 giant spiked club!
You hit the ogre but do no damage.
The ogre is lightly wounded.
You block the ogre's attack.
You completely miss the ogre.
The ogre is lightly wounded.
You block the ogre's attack.
You slash the ogre!
The ogre is severely wounded.
The ogre hits you with a +0 giant spiked club!!
You slash the ogre!
The ogre is almost dead.
The ogre hits you with a +0 giant spiked club!!
You die...

..........#.............#
######.........#######..#
.....###.....###.....##.##
.≈≈≈...##...##...≈§§.§#..#
≈≈≈≈≈........)..≈§≈§≈.#..#
.≈≈≈...##...##...≈§≈§(#..#
.....###.....###§....##..########
######.........#######...........
......#....O@.........#######
.....######.#....##......# #
..... ...###..##...##.# # .....
## # #...#...##.# #
#.>.....##.#####
##...#.####...[.#
#....#...######.# ##....###.# #.#
........#.# ###.#


You could see an ogre.

Vanquished Creatures
  A scorpion (D:4)
  A crimson imp (D:4)
  A jelly (D:4)
  A bullfrog skeleton (D:2)
  A hound (D:3)
  Jessica (D:2)
  An orc wizard (D:4)
  Ijyb (D:4)
  A hound skeleton (D:4)
  4 gnolls
  7 adders
  A white imp (D:4)
  2 worms
  5 dart slugs
  2 orcs (D:4)
  7 endoplasms
  4 giant cockroaches
  6 goblins
  A hobgoblin (D:1)
  2 jackals (D:1)
  4 quokkas
  A ball python (D:2)
  6 bats
  5 frilled lizards
  7 kobolds
  2 rats
75 creatures vanquished.

Notes
Turn   | Place    | Note
-------+----------+-------------------------------------------
     0 | D:1      | Ayyar the Hill Orc Fighter began the quest for the Orb.
     0 | D:1      | Reached XP level 1. HP: 19/19 MP: 1/1
   280 | D:1      | Reached XP level 2. HP: 27/27 MP: 2/2
   286 | D:1      | Reached skill level 3 in Axes
   717 | D:1      | Reached skill level 1 in Invocations
   773 | D:1      | Reached XP level 3. HP: 33/33 MP: 3/3
   841 | D:1      | Found a faded altar of an unknown god.
  1075 | D:2      | Reached XP level 4. HP: 28/40 MP: 3/5
  1115 | D:2      | Reached skill level 4 in Axes
  1115 | D:2      | Reached skill level 1 in Evocations
  1651 | D:1      | Reached XP level 5. HP: 35/46 MP: 6/6
  1946 | D:2      | Noticed Jessica
  1948 | D:2      | Killed Jessica
  2299 | D:2      | Found Casumiezege's General Store.
  2308 | D:2      | Bought a potion of curing for 36 gold pieces
  2442 | D:3      | Reached XP level 6. HP: 45/53 MP: 7/7
  2629 | D:3      | Reached skill level 5 in Axes
  3054 | D:4      | Found Ameliabi's Lightly-Used Armoury.
  3178 | D:4      | Noticed Ijyb
  3205 | D:4      | Killed Ijyb
  3212 | D:4      | HP: 2/55 [poisoned by Ijyb]
  3658 | D:4      | Reached XP level 7. HP: 31/60 MP: 9/9
  3926 | D:4      | Slain by an ogre

Illustrated notes

Levels and vault maps discovered:
D:1:      minmay_arrival_four_houses, layout_basic,
          hellmonk_ecumenical_altar_lost_god
D:2:      layout_rooms, serial_shops, nicolae_lakefront_shop, uniq_jessica
D:3:      layout_basic, kennysheep_generic_room_3
D:4:      layout_basic, minmay_shop_damaged, minmay_fire_ice_demons, uniq_ijyb,
          uniq_pikel

Skill      XL: |  1  2  3  4  5  6 |
---------------+-------------------+-----
Axes           | 3 4 5 |  5.7
Invocations    | 1 2 3 |  3.1
Fighting       | 4 |  4.9
Evocations     | 1 2 |  2.1
Shields        | 4 |  4.4
Armour         | 4 |  4.3

Action                   |  1- 3 |  4- 6 |  7- 9 || total
-------------------------+-------+-------+-------++-------
Melee: War axe           |    65 |   206 |     7 ||   278
  Use: Potion            |       |     3 |       ||     3
Armor: Scale mail        |    33 |   106 |       ||   139
Dodge: Dodged            |    23 |    93 |     3 ||   119
Block: Buckler           |    19 |    50 |     2 ||    71
